 Dungeon Crawl Stone Soup version 0.30.1-3-gfc49f6343a (webtiles) character file.

Game seed: 8647544269333984538

82 Cheops the Ruffian (level 4, -3/44 HPs)
             Began as a Troll Fighter on July 27, 2023.
             Slain by a gnoll
             ... wielding a +0 halberd
              (9 damage)
             ... on level 4 of the Dungeon.
             The game lasted 00:02:52 (2361 turns).

Cheops the Ruffian (Troll Fighter)                  Turns: 2361, Time: 00:02:52

Health: -3/44      AC:  4    Str: 24    XL:     4   Next: 21%
Magic:  3/3        EV:  4    Int:  6    God:
Gold:   92         SH:  0    Dex:  9    Spells: 3/3 levels left

rFire   + .          .
                       - Unarmed
rCold   + . .        q - +0 kite shield
rNeg    . . .        a - +0 robe
rPois   .            (helmet restricted)
rElec   .            p - scarf {rC+ rF+}
rCorr   .            (gloves unavailable)
SInv    .            (boots unavailable)
Will    .....        (no amulet)
Stlth   +            (no ring)
HPRegen 1.07/turn    (no ring)
MPRegen 0.08/turn

%: no passive effects
@: held
A: large, unfitting armour, claws 3, regeneration 1, shaggy fur 1, tough skin 1
a: no special abilities


You were on level 4 of the Dungeon.
You visited 1 branch of the dungeon, and saw 4 of its levels.

You collected 92 gold pieces.

Inventory:

Hand Weapons
 b - a +3 hand axe
Armour
 a - a +0 robe (worn)
 p - a scarf of resistance (worn)
 q - a +0 kite shield (worn)
Scrolls
 e - a scroll of torment {unknown}
 g - 3 scrolls of vulnerability
 h - 2 scrolls of fear
 i - 3 scrolls of teleportation
 j - 3 scrolls of enchant armour
 l - a scroll of noise {unknown}
 n - 3 scrolls of poison
Potions
 c - 2 potions of might
 d - 2 potions of ambrosia
 f - 4 potions of flight
 k - 2 potions of curing
 m - a potion of lignification
 o - a potion of magic {unknown}


   Skills:
 - Level 2.4 Fighting
 - Level 2.4 Dodging
 - Level 2.6 Shields
 + Level 4.5 Unarmed Combat


You had 3 spell levels left.
You didn't know any spells.
Your spell library contained the following spells:

 Spells                   Type           Power      Damage    Failure   Level
 Inner Flame              Hex/Fire       0%         N/A       97%         3
 Vhi's Electric Charge    Tloc/Air       0%         N/A       97%         3
 Flame Wave               Conj/Fire      0%         2d4       100%        4
 Sticky Flame             Conj/Fire      0%         2d3       100%        4
 Arcjolt                  Conj/Air       0%         1d10      100%        5
 Maxwell's Capacitive Co  Air            0%         ∞         100%        8


Dungeon Overview and Level Annotations

Branches:
Dungeon (4/15)
 Temple: D:4-7

Altars:

Annotations:
D:4 Ijyb


Innate Abilities, Weirdness & Mutations

You are too large for most types of armour.
You have claws for hands.
Your natural rate of healing is unusually fast.
You are covered in fur. (AC +1)
You have tough skin. (AC +1)


Message History

A gnoll comes into view. It is wielding a +0 halberd.
The gnoll shouts!
You hear a shout!
A hound comes into view.
The hound barks!
A gnoll comes into view. It is wielding a +0 club.
A gnoll comes into view. It is wielding a +0 flail.
The gnoll shouts!
You hear a shout!
You block the gnoll's attack.
You scratch the gnoll.
The gnoll is lightly wounded.
The gnoll hits you with a +0 halberd!
You are too injured to fight recklessly!
You are too injured to fight recklessly!
You are too injured to fight recklessly!
You are too injured to fight recklessly!
You are too injured to fight recklessly!
You are too injured to fight recklessly!
You are too injured to fight recklessly!
You are too injured to fight recklessly!
You are too injured to fight recklessly!
You are too injured to fight recklessly!
You are too injured to fight recklessly!
You are too injured to fight recklessly!
You are too injured to fight recklessly!
You are too injured to fight recklessly!
The gnoll attacks as you move away! The gnoll hits you with a +0 flail!
* * * LOW HITPOINT WARNING * * *
The gnoll hits you from afar with a +0 halberd!
* * * LOW HITPOINT WARNING * * *
The gnoll throws a throwing net.
The throwing net hits you.
You become entangled in the net!
The hound stops to sniff the ground.
You see here a throwing net.
You struggle against the net.
The gnoll hits you from afar with a +0 halberd.
* * * LOW HITPOINT WARNING * * *
You struggle against the net.
The gnoll hits you with a +0 flail!
* * * LOW HITPOINT WARNING * * *
The gnoll hits you from afar with a +0 halberd!
You die...

....g .... #.....
..... .##.....
..... #.......
...... #......#
#...... #####
#.....###.....##
##...##
#.hg.........
#.....##
#...gg..#....
##....<#
##..@g.### .
##......###.>##.##
#........##......#
#.....#.........##
......####...#...#
........#
##..#...# #.#....
.###..###... #....
............#
..... ............


You could see a hound and 4 gnolls.

Vanquished Creatures
  3 adders
  2 worms
  6 orcs (D:3)
  3 ball pythons
  5 endoplasms
  4 goblins
  2 hobgoblins
  2 kobolds (D:2)
  4 quokkas
  5 bats
  2 frilled lizards
  5 rats
43 creatures vanquished.

Notes
Turn   | Place    | Note
-------+----------+-------------------------------------------
     0 | D:1      | Cheops the Troll Fighter began the quest for the Orb.
     0 | D:1      | Reached XP level 1. HP: 22/22 MP: 0/0
   208 | D:1      | Reached XP level 2. HP: 29/29 MP: 1/1
   726 | D:2      | Reached skill level 3 in Unarmed Combat
  1217 | D:2      | Reached XP level 3. HP: 36/36 MP: 2/2
  1567 | D:3      | Reached skill level 4 in Unarmed Combat
  1808 | D:3      | Reached XP level 4. HP: 44/44 MP: 3/3
  1984 | D:3      | Found a faded altar of an unknown god.
  2277 | D:4      | Noticed Ijyb
  2361 | D:4      | Slain by a gnoll

Illustrated notes

Levels and vault maps discovered:
D:1:      mrwooster_arrival_arrow, layout_basic, minmay_misc_feat_tower,
          minmay_small_reverse_x
D:2:      layout_loops_cross
D:3:      layout_loops_ring, shapermc_ecumenical_altar_hornbeckon,
          grunt_decor_resistance
D:4:      layout_cave_pools, overflow_temple_1_default, tso_altar,
          gammafunk_ghost_smash, minmay_misc_feat_secret_circle, minivault_23,
          uniq_ijyb

Skill      XL: |  1  2  3 |
---------------+----------+-----
Unarmed Combat | 3 4 |  4.5
Fighting       | |  2.4
Dodging        | |  2.4
Shields        | |  2.6

Action                     |  1- 3 |  4- 6 || total
---------------------------+-------+-------++-------
  Melee: Unarmed           |    97 |    14 ||   111
    Use: Scroll            |     8 |     2 ||    10
   Stab: Sleeping          |     2 |       ||     2
 Armour: Robe              |    22 |     2 ||    24
  Dodge: Dodged            |    25 |     4 ||    29
  Block: Kite shield       |    29 |     3 ||    32
